 Dungeon Crawl Stone Soup version 0.27.1-4-g1640c2035a (webtiles) character file.

Game seed: 10336776594868706153

48 fffff the Skirmisher (level 3, -6/31 HPs)
             Began as a Minotaur Wanderer on Nov 4, 2021.
             Mangled by a worm (11 damage)
             ... on level 2 of the Dungeon.
             The game lasted 00:01:42 (1502 turns).

fffff the Skirmisher (Minotaur Wanderer)            Turns: 1502, Time: 00:01:43

Health: -6/31      AC:  2    Str: 16    XL:     3   Next: 50%
Magic:  2/2        EV: 12    Int:  7    God:
Gold:   46         SH:  0    Dex: 12    Spells: 2/2 levels left

rFire    . . .     SeeInvis .   b - +0 spear
rCold    . . .     Faith    .   (no shield)
rNeg     . . .     Spirit   .   d - +0 robe
rPois    .         Reflect  .   (helmet restricted)
rElec    .         Harm     .   (no cloak)
rCorr    .         Rampage  .   (no gloves)
Will     .....                  (no boots)
Stlth    +.........             (no amulet)
HPRegen  0.10/turn              (no ring)
MPRegen  0.08/turn              (no ring)

@: no status effects
A: horns 2, retaliatory headbutt
a: no special abilities


You were on level 2 of the Dungeon.
You visited 1 branch of the dungeon, and saw 2 of its levels.

You collected 46 gold pieces.

Inventory:

Hand Weapons
 a - a +2 hand axe
 b - a +0 spear (weapon)
Armour
 d - a +0 robe (worn)
Scrolls
 e - a scroll of enchant weapon {unknown}
Potions
 c - 2 potions of curing


   Skills:
 + Level 3.1 Fighting
 - Level 1.5(2.5) Axes
 + Level 2.9(3.1) Polearms
 - Level 1.2 Throwing
 + Level 1.7 Armour
 + Level 3.0 Dodging
 + Level 1.4 Shields


You had 2 spell levels left.
You didn't know any spells.
Your spell library was empty.

Dungeon Overview and Level Annotations

Branches:
Dungeon (2/15)

Altars:


Innate Abilities, Weirdness & Mutations

You have a pair of horns on your head.
You reflexively headbutt those who attack you in melee.


Message History

The adder is almost dead.
The giant cockroach barely misses you. The adder closely misses you.
The giant cockroach bites you.
You barely miss the adder.
The adder is almost dead.
The adder bites you. The giant cockroach barely misses you.
The adder bites you.
You barely miss the adder.
The adder is almost dead.
The adder bites you. The giant cockroach barely misses you.
You hit the adder.
You kill the adder!
The giant cockroach bites you but does no damage.
You hit the giant cockroach.
The giant cockroach is heavily wounded.
The giant cockroach bites you.
You hit the giant cockroach.
The giant cockroach is almost dead.
The giant cockroach closely misses you.
You hit the giant cockroach.
You kill the giant cockroach!
The worm bites you.
You hit the worm. Your headbutt misses the worm.
The worm is lightly wounded.
You barely miss the worm.
The worm is lightly wounded.
The worm bites you!
* * * LOW HITPOINT WARNING * * *
You are too injured to fight recklessly!
You are too injured to fight recklessly!
You are too injured to fight recklessly!
You are too injured to fight recklessly!
You are too injured to fight recklessly!
A worm is nearby!
You hit the worm.
The worm is moderately wounded.
You hit the worm.
The worm is heavily wounded.
The worm bites you!
You die...

+.......####[.
#.#...'...#
#......## #...
#.#.###...# ..##...#
#... #.#...##### ..
+...# #....
#.#........ .. #...#
#.... #..........
##....#####.†.......
#...................
.............#......
......w@.....#......
.....#..............
...# #...#..<..##...
. ..####.#...# ...
... ..#..... #...
........ #.. ## ....
...


You could see a worm.

Vanquished Creatures
  An adder (D:2)
  2 bats (D:1)
  3 endoplasms (D:1)
  3 giant cockroaches
  3 goblins (D:1)
  5 hobgoblins (D:1)
  3 quokkas (D:1)
  5 ball pythons
  3 frilled lizards (D:1)
  2 kobolds
  4 rats
34 creatures vanquished.

Notes
Turn   | Place    | Note
-------+----------+-------------------------------------------
     0 | D:1      | fffff the Minotaur Wanderer began the quest for the Orb.
     0 | D:1      | fffff set off with the following items: a +2 hand axe, a +0
                  | spear, a potion of curing, a +0 robe
     0 | D:1      | Reached XP level 1. HP: 18/18 MP: 0/0
   365 | D:1      | Reached XP level 2. HP: 18/25 MP: 1/1
  1100 | D:1      | Reached XP level 3. HP: 29/30 MP: 2/2
  1413 | D:1      | You fall into a shaft and drop 1 floor!
  1502 | D:2      | Mangled by a worm

Illustrated notes

Levels and vault maps discovered:
D:1:      dpeg_arrival_more_subterranean_lakeside_camping, layout_loops_corners
D:2:      layout_basic

Skill      XL: |  1  2  3 |
---------------+----------+-----
Dodging        | 3 |  3.0
Fighting       | 3 |  3.1
Axes           | |  1.5
Polearms       | |  2.9
Throwing       | |  1.2
Armour         | |  1.7
Shields        | |  1.4

Action                   || total
-------------------------++-------
Melee: Hand axe          ||    45
       Headbutt          ||     8
       Spear             ||    25
Armor: Robe              ||    11
Dodge: Dodged            ||    47
